 Dungeon Crawl Stone Soup version 0.30-a0-652-gcc886f7154 (webtiles) character file.

Game seed: 16089880243228615111

109 tilp the Covered (level 5, 0/46 HPs)
             Began as a Meteoran Fighter on Jan 17, 2023.
             Succumbed to a scorpion's poison
             ... on level 5 of the Dungeon.
             The game lasted 00:02:53 (686 turns).

tilp the Covered (Meteoran Fighter)                  Turns: 686, Time: 00:02:54

Health: 0/46       AC:  9    Str: 17    XL:     5   Next: 36%
Magic:  6/6        EV:  7    Int:  9    God:
Gold:   72         SH:  5    Dex: 16    Spells: 4/4 levels left

rFire   + . .      SeeInvis .    a - +0 long sword
rCold   + . .      Faith    .    c - +0 buckler
rNeg    . . .      Spirit   .    e - +0 chain mail
rPois   +          Reflect  .    (no helmet)
rElec   +          Harm     .    (no cloak)
rCorr   +          Rampage  .    (no gloves)
Will    .....                    (no boots) Stlth
                                 (no amulet)
HPRegen 0.27/turn                (no ring)
MPRegen 0.10/turn                (no ring)

@: lethally poisoned (0 -> -10), resistant, glowing
A: sense surroundings 1, otherworldly, glowing, explore regen
a: no special abilities


You were on level 5 of the Dungeon.
You visited 1 branch of the dungeon, and saw 4 of its levels.

You collected 72 gold pieces.

Inventory:

Hand Weapons
 a - a +0 long sword (weapon)
Missiles
 b - 7 stones
 p - 4 poisoned darts (quivered)
Armour
 c - a +0 buckler (worn)
 e - a +0 chain mail (worn)
Jewellery
 n - a ring of wizardry
Scrolls
 f - a scroll of teleportation {unknown}
 g - a scroll of amnesia {unknown}
 h - 2 scrolls of immolation {unknown}
 i - 2 scrolls of identify {unknown}
 j - a scroll of butterflies {unknown}
 k - a scroll of poison {unknown}
 l - a scroll of noise {unknown}
 m - a scroll of fog {unknown}
Potions
 d - a potion of might


   Skills:
 + Level 3.8 Fighting
 + Level 3.1 Long Blades
 - Level 4.0 Armour
 * Level 3.0 Dodging
 + Level 1.1 Stealth
 - Level 4.0 Shields


You had 4 spell levels left.
You didn't know any spells.
Your spell library was empty.

Dungeon Overview and Level Annotations

Branches:
Dungeon (5/15) Zot: 1683
 Temple: D:4-7

Altars:
Vehumet
Xom


Innate Abilities, Weirdness & Mutations

You passively map a small area around you.
You are easily found by Zot.
You glow in the dark.
You regain HP and MP as you explore.


Message History

You barely miss the scorpion.
The scorpion is moderately wounded.
You feel sick. The scorpion barely misses you.
You barely miss the scorpion.
The scorpion is moderately wounded.
You feel sick. You block the scorpion's attack.
The scorpion stings you but does no damage.
You barely miss the scorpion.
The scorpion is moderately wounded.
You feel sick. The scorpion stings you.
You are more poisoned.
The scorpion poisons you!
You hit the scorpion but do no damage.
The scorpion is moderately wounded.
You feel very sick.
The scorpion stings you but does no damage. x2
You slash the scorpion!
The scorpion is severely wounded.
You feel very sick. The scorpion stings you.
* * * LOW HITPOINT WARNING * * *
You are lethally poisoned!
The scorpion poisons you!
You barely miss the scorpion.
The scorpion is severely wounded.
* * * LOW HITPOINT WARNING * * *
You feel very sick. The scorpion stings you.
* * * LOW HITPOINT WARNING * * *
You block the scorpion's attack.
Unknown command.
It was a potion of resistance.
You feel protected.
* * * LOW HITPOINT WARNING * * *
You feel very sick. You block the scorpion's attack.
Unknown command.
You hit the scorpion but do no damage.
The scorpion is heavily wounded.
You die...

, #.........# ,,
#.#.......#
#.#.......#
#.#.......#####
,*
#.#...........##
#.######.......##
* #.# #.........#
##.# #.........#
* #@.#
#.........#
*#.s.##
#†..[.....#
#..###
#.........# *#(#
##.......## , #.
#.....>...# , ,.
* #.........# *
*# * #.†.......#
, ............# *
####.........#


You could see a scorpion.

Vanquished Creatures
  A jelly (D:3)
  An iguana (D:5)
  2 adders
  2 dart slugs (D:1)
  A bat (D:1)
  4 endoplasms
  3 goblins
  A hobgoblin (D:1)
  3 kobolds
  3 quokkas
  2 ball pythons
  3 frilled lizards
  2 rats
28 creatures vanquished.

Notes
Turn   | Place    | Note
-------+----------+-------------------------------------------
     0 | D:1      | tilp the Meteoran Fighter began the quest for the Orb.
     0 | D:1      | Reached XP level 1. HP: 19/19 MP: 2/2
    25 | D:2      | Found a radiant altar of Vehumet.
    96 | D:1      | Reached XP level 2. HP: 26/26 MP: 3/3
   110 | D:1      | Reached skill level 1 in Dodging
   230 | D:1      | Reached XP level 3. HP: 30/31 MP: 4/4
   352 | D:3      | Found a shimmering altar of Xom.
   480 | D:3      | HP: 1/31 [acid (5)]
   482 | D:3      | Reached XP level 4. HP: 3/39 MP: 5/5
   593 | D:3      | You fall into a shaft and drop 2 floors!
   593 | D:5      | Entered Level 5 of the Dungeon
   618 | D:5      | Reached skill level 1 in Stealth
   618 | D:5      | Reached XP level 5. HP: 17/46 MP: 6/6
   686 | D:5      | Succumbed to a scorpion's poison

Illustrated notes

Levels and vault maps discovered:
D:1:      mrwooster_arrival_arrow, layout_basic
D:2:      layout_basic, basic_altar
D:3:      layout_basic, dk_xom_monty_hall
D:5:      layout_rooms, makhleb_grotto_becter, minmay_temple_entry_butterflies

Skill      XL: |  1  2  3  4 |
---------------+-------------+-----
Dodging        | 1 2 3 |  3.0
Armour         | 4 |  4.0
Shields        | 4 |  4.0
Long Blades    | 3 |  3.1
Stealth        | 1 |  1.1
Fighting       | |  3.8

Action                   |  1- 3 |  4- 6 || total
-------------------------+-------+-------++-------
Melee: Long sword        |    56 |    45 ||   101
Throw: Dart              |       |     1 ||     1
  Use: Potion            |       |     1 ||     1
Armor: Chain mail        |    32 |    21 ||    53
Dodge: Dodged            |    12 |    15 ||    27
Block: Buckler           |    11 |    11 ||    22

Table legend: (Time is in decaauts)
 A = Elapsed time spent in this place.
 B = Non-inter-level travel time spent in this place.
 C = Inter-level travel time spent in this place.
 D = Time resting spent in this place.
 E = Time spent auto-exploring this place.
 F = Levels seen in this place.
 G = Mean time per level.
                   A        B        C        D        E       F      G
               +--------+--------+--------+--------+--------+-----+--------+
         Total |    716 |    667 |     49 |      0 |      0 |   4 |  179.0 |
       Dungeon |    716 |    667 |     49 |      0 |      0 |   4 |  179.0 |
               +--------+--------+--------+--------+--------+-----+--------+

Top non-repeatable levels by time:
     D:1: 251 daAuts
     D:3: 196 daAuts
     D:2: 165 daAuts
     D:5: 103 daAuts
